 Dungeon Crawl Stone Soup version 0.31-a0-507-gbafd7f5274 (webtiles) character file.

Game seed: 16868279766440649168

369 spiderkeys the Digger (level 6, -3/36 HPs)
             Began as an Octopode Earth Elementalist on Aug 9, 2023.
             Slain by Edmund
             ... wielding a +1 dire flail of protection
              (7 damage)
             ... on level 5 of the Dungeon.
             The game lasted 00:04:46 (4023 turns).

spiderkeys the Digger (Octopode Earth Elementalist) Turns: 4023, Time: 00:04:47

Health: -3/36      AC:  1    Str:  8    XL:     6   Next: 70%
Magic:  9/12       EV: 13    Int: 19    God:
Gold:   221        SH:  0    Dex: 12    Spells: 12/13 levels left

rFire   . . .        g - +3 dagger
rCold   . . .        (no shield)
rNeg    + . .        (helmet restricted)
rPois   .            (no amulet)
rElec   .            N - ring of positive energy
rCorr   .            Y - +4 ring of slaying
SInv    .            (no ring)
Will    .....        (no ring)
Stlth   +++          (no ring)
HPRegen 0.26/turn    (no ring)
MPRegen 0.13/turn    (no ring)
                     (no ring)

%: no passive effects
@: no status effects
A: almost no armour, amphibious, 8 rings, camouflage 1, gelatinous body 1,
(nimble swimmer 1), tentacles
a: no special abilities


You were on level 5 of the Dungeon.
You visited 1 branch of the dungeon, and saw 5 of its levels.

You collected 221 gold pieces.


Innate Abilities, Weirdness & Mutations

You cannot wear most types of armour.
You are amphibious.
You can wear up to eight rings at the same time.
Your skin changes colour to match your surroundings (Stealth+).
Your rubbery body absorbs attacks. (AC +1, EV +1)
((You are camouflaged when in or above water. (Stealth+)))
You have tentacles for arms and can constrict up to eight enemies at once.


   Skills:
 - Level 2.0 Dodging
 - Level 2.6 Stealth
 - Level 4.0 Spellcasting
 + Level 3.7 Transmutations
 + Level 4.7 Earth Magic
 + Level 0.6 Shapeshifting


You had 12 spell levels left.
You knew the following spells:

 Your Spells              Type           Power      Damage    Failure   Level
s - Sandblast             Erth           42%        2d11      1%          1

Your spell library contained the following spells:

 Spells                   Type           Power      Damage    Failure   Level
 Passwall                 Tmut/Erth      15%        N/A       3%          2
 Stone Arrow              Conj/Erth      24%        3d8       16%         3
 Lesser Beckoning         Tloc           6%         N/A       21%         2
 Petrify                  Tmut/Erth      19%        N/A       24%         4
 Gell's Gravitas          Tloc           3%         N/A       38%         3
 Teleport Other           Tloc           3%         N/A       38%         3

Inventory:

Hand Weapons
 g - a +3 dagger (weapon)
   (You found it on level 1 of the Dungeon)
Missiles
 c - 64 stones
 j - 11 poisoned darts
Jewellery
 N - a ring of positive energy (left tentacle)
   (You took it off a hobgoblin on level 2 of the Dungeon)
 Y - a +4 ring of slaying (right tentacle)
   (You found it on level 3 of the Dungeon)
Talismans
 r - a flux talisman
   (You found it on level 4 of the Dungeon)
Scrolls
 f - 2 scrolls of fear {unknown}
 h - a scroll of torment {unknown}
 i - 2 scrolls of immolation {unknown}
 k - 3 scrolls of identify {unknown}
 m - 2 scrolls of revelation {unknown}
 o - a scroll of poison {unknown}
 p - a scroll of fog {unknown}
 q - 2 scrolls of noise {unknown}
Potions
 a - 2 potions of magic
 b - 2 potions of brilliance {unknown}
 d - 2 potions of enlightenment {unknown}
 e - a potion of cancellation {unknown}
 l - a potion of berserk rage {unknown}
 n - a potion of attraction {unknown}

Dungeon Overview and Level Annotations

Branches:
Dungeon (5/15) Zot: 25925
 Temple: D:4-7

Altars:
Uskayaw
Wu Jian
Yredelemnul

Annotations:
D:5 Edmund

.. .[ ..#.. >.. ...
##### #.#####.###.#
..(.(.#...........#
......#######)#
.....o@.......#
#@......# #.###...#
#.#.....# #.#.##..#
####.......#
#...##....##
.####...#######
.......<# .####.).#


You could see Edmund (very poisoned) and an orc.


Message History

Casting: Sandblast (safe; 2% risk of failure)
Confirm with . or Enter, or press ? or * to list all spells.
Aiming: Sandblast (safe; 2% risk of failure)
Press: ? - help, Shift-Dir - straight line, f - ogre
Aim: an ogre, wielding a +0 giant spiked club (92% to hit)
The blast of sand hits the ogre!
The ogre completely misses you. 😨 MP[-1]
You lost 1 mp, and now have 10/11 mp.
Casting: Sandblast (safe; 2% risk of failure)
Confirm with . or Enter, or press ? or * to list all spells.
Aiming: Sandblast (safe; 2% risk of failure)
Press: ? - help, Shift-Dir - straight line, f/p - ogre
Aim: an ogre, wielding a +0 giant spiked club (moderately wounded, 92% to hit)
The blast of sand hits the ogre!
The ogre barely misses you. 😨 MP[-1]
You lost 1 mp, and now have 9/11 mp.
Casting: Sandblast (safe; 2% risk of failure)
Confirm with . or Enter, or press ? or * to list all spells.
Aiming: Sandblast (safe; 2% risk of failure)
Press: ? - help, Shift-Dir - straight line, f/p - ogre
Aim: an ogre, wielding a +0 giant spiked club (severely wounded, 92% to hit)
The blast of sand hits the ogre!
You kill the ogre!
Training target 4.0 for Spellcasting reached!
Your Spellcasting skill increases to level 4! 😨 HP[+1] MP[-1] Key pressed, stopping explore.
Edmund and an orc come into view.
Edmund is wielding a +1 dire flail of protection.
Edmund shouts! 😎 HP[+22] MP[+4]
Your hp is fully restored (36).
Your mp is fully restored (12).
Casting: Sandblast (safe; 1% risk of failure)
Confirm with . or Enter, or press ? or * to list all spells.
Okay, then.
That's the wrong kind of item! (Use * to select it.) Fire/throw/use which item? ([*] to toss any item) (? for menu, Esc to quit)
Okay, then.
Throw: 14 darts (poison)
Press: ? - help, Shift-Dir - straight line, f - Edmund
Aim: Edmund, wielding a +1 dire flail of protection and wearing a +0 leather armour (59% to hit)
You throw a poisoned dart. The poisoned dart hits Edmund.
Edmund is poisoned.
The orc shouts!
Throw: 13 darts (poison)
Press: ? - help, Shift-Dir - straight line, f/p - Edmund
Aim: Edmund, wielding a +1 dire flail of protection and wearing a +0 leather armour (poisoned, 59% to hit)
You throw a poisoned dart. The poisoned dart hits Edmund.
Edmund looks even sicker.
Throw: 12 darts (poison)
Press: ? - help, Shift-Dir - straight line, f/p - Edmund
Aim: Edmund, wielding a +1 dire flail of protection and wearing a +0 leather armour (lightly wounded, very poisoned, 59% to hit)
You throw a poisoned dart. The poisoned dart hits Edmund.
Edmund looks even sicker.
Casting: Sandblast (safe; 1% risk of failure)
Confirm with . or Enter, or press ? or * to list all spells.
Aiming: Sandblast (safe; 1% risk of failure)
Press: ? - help, Shift-Dir - straight line, f/p - Edmund
Aim: Edmund, wielding a +1 dire flail of protection and wearing a +0 leather armour (lightly wounded, very poisoned, 83% to hit)
The blast of sand hits Edmund! 😎 MP[-1]
You lost 1 mp, and now have 11/12 mp.
Casting: Sandblast (safe; 1% risk of failure)
Confirm with . or Enter, or press ? or * to list all spells.
Aiming: Sandblast (safe; 1% risk of failure)
Press: ? - help, Shift-Dir - straight line, f/p - Edmund
Aim: Edmund, wielding a +1 dire flail of protection and wearing a +0 leather armour (moderately wounded, very poisoned, 83% to hit)
The blast of sand hits Edmund but does no damage.
Edmund hits you with a +1 dire flail of protection! x2 😮 HP[-17] MP[-1]
You take 17 damage, and now have 19/36 hp.
MASSIVE DAMAGE!! (PAUSE)
You lost 1 mp, and now have 10/12 mp.
You hit Edmund but do no damage. Your grab misses Edmund. You squeeze Edmund.
Edmund closely misses you.
You closely miss Edmund. You grab Edmund. You tentacle-slap Edmund.
You constrict Edmund, but do no damage.
Edmund hits you with a +1 dire flail of protection.
* * * LOW HITPOINT WARNING * * *
😨 HP[-3]
You take 3 damage, and now have 16/36 hp.
Unknown command.
Casting: Sandblast (safe; 1% risk of failure)
Confirm with . or Enter, or press ? or * to list all spells.
Aiming: Sandblast (safe; 1% risk of failure)
Press: ? - help, Shift-Dir - straight line, f/p - Edmund
Aim: Edmund, wielding a +1 dire flail of protection and wearing a +0 leather armour (heavily wounded, constricted by you, very poisoned, 100% to hit)
The blast of sand hits Edmund.
You constrict Edmund, but do no damage.
Edmund barely misses you. 😨 HP[+1] MP[-1]
You lost 1 mp, and now have 9/12 mp.
Casting: Sandblast (safe; 1% risk of failure)
Confirm with . or Enter, or press ? or * to list all spells.
Aiming: Sandblast (safe; 1% risk of failure)
Press: ? - help, Shift-Dir - straight line, f/p - Edmund
Aim: Edmund, wielding a +1 dire flail of protection and wearing a +0 leather armour (severely wounded, constricted by you, very poisoned, 100% to hit)
The blast of sand hits Edmund!
You constrict Edmund.
Edmund hits you with a +1 dire flail of protection!
* * * LOW HITPOINT WARNING * * *
Edmund hits you with a +1 dire flail of protection!
You die...

Skill      XL: |  1  2  3  4  5  6 |
---------------+-------------------+-----
Transmutations | 2 3 |  3.7
Spellcasting   | 3 4 |  4.0
Earth Magic    | 4 |  4.7
Dodging        | |  2.0
Stealth        | |  2.6
Shapeshifting  | |  0.6

Action                     |  1- 3 |  4- 6 || total
---------------------------+-------+-------++-------
  Melee: Unarmed           |     4 |       ||     4
         Constrict         |     2 |     3 ||     5
         Tentacles         |     1 |     3 ||     4
         Dagger            |     2 |     8 ||    10
         Punch             |       |     1 ||     1
  Throw: Dart              |       |     3 ||     3
   Cast: Sandblast         |    38 |    67 ||   105
 Armour: Skin              |       |     1 ||     1
  Dodge: Dodged            |    15 |    36 ||    51

Levels and vault maps discovered:
D:1:      dpeg_arrival_orchard, layout_rooms, nicolae_figureground_pulse
D:2:      layout_loops_corners, dilly_ecumenical_altar_fadedgnrine,
          hangedman_feature_mirror
D:3:      layout_basic, yredelemnul_forgotten_temple_becter,
          dancing_weapons_uskayaw, serial_curves, eino_curves_03, eino_curves_04
D:4:      layout_cave_pools, mainiacjoe_overflow_paths
D:5:      layout_basic, minmay_temple_entry_glassed_door, uniq_edmund

Notes
Turn   | Place    | Note
-------+----------+-------------------------------------------
     0 | D:1      | spiderkeys the Octopode Earth Elementalist began the quest
                  | for the Orb.
     0 | D:1      | Reached XP level 1. HP: 11/11 MP: 3/3
     0 | D:1      | magus.rc [v1.11.6]
   234 | D:1      | Reached XP level 2. HP: 17/17 MP: 0/5
   886 | D:2      | Reached XP level 3. HP: 21/21 MP: 4/6
  1006 | D:2      | Reached skill level 2 in Transmutations
  1348 | D:2      | Reached XP level 4. HP: 27/27 MP: 6/8
  1372 | D:2      | You add the spells Lesser Beckoning, Gell's Gravitas and
                  | Teleport Other to your library.
  1778 | D:2      | Reached skill level 3 in Spellcasting
  2051 | D:2      | Found a faded altar of an unknown god.
  2155 | D:3      | Found a hide-covered altar of Uskayaw.
  2155 | D:3      | Noticed a +0 hand axe
  2156 | D:3      | Noticed a +0 dagger
  2196 | D:3      | Reached skill level 4 in Earth Magic
  2196 | D:3      | Reached XP level 5. HP: 31/31 MP: 6/9
  3006 | D:3      | Found a basalt altar of Yredelemnul.
  3117 | D:4      | Found an ornate altar of the Wu Jian Council.
  3255 | D:4      | Noticed a black bear
  3259 | D:4      | Killed a black bear
  3260 | D:4      | Reached skill level 3 in Transmutations
  3309 | D:4      | Reached XP level 6. HP: 12/36 MP: 7/11
  3310 | D:4      | HP: 9/36 [poisoned by a scorpion]
  3315 | D:4      | HP: 4/36 [poisoned by a scorpion]
  3788 | D:5      | Entered Level 5 of the Dungeon
  3924 | D:5      | Reached skill level 4 in Spellcasting
  4014 | D:5      | Noticed Edmund
  4023 | D:5      | HP: 4/36 [Edmund/+1 dire flail of protection (13)]
  4023 | D:5      | Slain by Edmund

Vanquished Creatures
  A black bear (D:4)
  An ogre (D:5)
  A scorpion (D:4)
  A jelly (D:3)
  5 adders
  2 dart slugs
  4 orcs
  5 ball pythons
  4 endoplasms
  2 giant cockroaches
  8 goblins
  9 hobgoblins
  6 jackals
  A quokka (D:2)
  4 bats
  3 frilled lizards (D:1)
  3 kobolds
  3 rats
  A spectral orc (D:3)
64 creatures vanquished.

Table legend:
 A = Non-vault XP
 B = Vault XP
 C = Vault XP percentage of total XP
 D = Non-vault monster count
 E = Vault monster count
 F = Vault count percentage of total count
                 A         B        C        D         E       F
            +---------+---------+-------+---------+---------+-------
      Total |     509 |      19 |   3.6 |      59 |       5 |   7.8
            +---------+---------+-------+---------+---------+-------
        D:1 |      32 |       0 |   0.0 |      20 |       0 |   0.0
        D:2 |      73 |      18 |  19.8 |      19 |       4 |  17.4
        D:3 |      73 |       1 |   1.4 |      11 |       1 |   8.3
        D:4 |     213 |       0 |   0.0 |       6 |       0 |   0.0
        D:5 |     118 |       0 |   0.0 |       3 |       0 |   0.0
            +---------+---------+-------+---------+---------+-------

Skill      XL: |  1  2  3  4  5  6 |
---------------+-------------------+-----
Transmutations | 2 3 |  3.7
Spellcasting   | 3 4 |  4.0
Earth Magic    | 4 |  4.7
Dodging        | |  2.0
Stealth        | |  2.6
Shapeshifting  | |  0.6

Action                     |  1- 3 |  4- 6 || total
---------------------------+-------+-------++-------
  Melee: Unarmed           |     4 |       ||     4
         Constrict         |     2 |     3 ||     5
         Tentacles         |     1 |     3 ||     4
         Dagger            |     2 |     8 ||    10
         Punch             |       |     1 ||     1
  Throw: Dart              |       |     3 ||     3
   Cast: Sandblast         |    38 |    67 ||   105
 Armour: Skin              |       |     1 ||     1
  Dodge: Dodged            |    15 |    36 ||    51

Illustrated notes

Table legend:
 A = Kills in this place as a percentage of kills in the entire game.
 B = Kills by you in this place as a percentage of kills by you in the entire game.
 C = Kills by friends in this place as a percentage of kills by friends in the entire game.
 D = Other kills in this place as a percentage of other kills in the entire game.
 E = Experience gained in this place as a percentage of experience gained in the entire game.
 F = Experience gained in this place divided by the number of levels of this place that you have seen.
                   A       B       C       D       E      F
               +-------+-------+-------+-------+-------+----------------------
         Total | 100.0 | 100.0 |   N/A |   N/A | 100.0 | 105.6
       Dungeon | 100.0 | 100.0 |   N/A |   N/A | 100.0 | 105.6
               +-------+-------+-------+-------+-------+----------------------

Table legend: (Time is in decaauts)
 A = Elapsed time spent in this place.
 B = Non-inter-level travel time spent in this place.
 C = Inter-level travel time spent in this place.
 D = Time resting spent in this place.
 E = Time spent auto-exploring this place.
 F = Levels seen in this place.
 G = Mean time per level.
                   A        B        C        D        E       F      G
               +--------+--------+--------+--------+--------+-----+--------+
         Total |   4073 |   3920 |    153 |     90 |   3453 |   5 |  814.6 |
       Dungeon |   4073 |   3920 |    153 |     90 |   3453 |   5 |  814.6 |
               +--------+--------+--------+--------+--------+-----+--------+

Top non-repeatable levels by time:
     D:2: 1256 daAuts
     D:3: 995 daAuts
     D:1: 896 daAuts
     D:4: 776 daAuts
     D:5: 148 daAuts
